 Dungeon Crawl Stone Soup version 0.23-a0-436-g57debff (webtiles) character file.

96 Azzok the Firebug (level 4, -13/30 HPs)
             Began as a Demonspawn Fire Elementalist on Nov 16, 2018.
             Killed by divine providence
             ... invoked by an orc priest
              (16 damage)
             ... on level 3 of the Dungeon.
             The game lasted 00:04:01 (3273 turns).

Azzok the Firebug (Demonspawn Fire Elementalist)    Turns: 3273, Time: 00:04:02

Health: -13/30     AC:  4    Str: 11    XL:     4   Next: 41%
Magic:  8/8        EV: 12    Int: 18    God:
Gold:   142        SH:  0    Dex: 13    Spells: 1/9 levels left

rFire    . . .     SeeInvis .   n - -1 dagger (curse)
rCold    . . .     Gourm    .   (no shield)
rNeg     . . .     Faith    .   a - +0 robe
rPois    .         Spirit   .   (no helmet)
rElec    .         Reflect  .   s - +1 cloak
rCorr    .         Harm     .   (no gloves)
MR       .....                  (no boots)
Stlth    ++........             (no amulet)
HPRegen  0.10/turn              q - +3 ring of strength
MPRegen  0.11/turn              f - ring of wizardry (curse)

@: no status effects
A: claws 1
a: no special abilities


You were on level 3 of the Dungeon.
You were hungry.

You visited 1 branch of the dungeon, and saw 3 of its levels.

You collected 142 gold pieces.

Inventory:

Hand Weapons
 n - a cursed -1 dagger (weapon)
 v - a +0 blowgun
Missiles
 i - 41 poisoned needles
Armour
 a - a +0 robe (worn)
 s - a +1 cloak (worn)
Jewellery
 f - a cursed ring of wizardry (right claw)
 q - a +3 ring of strength (left claw)
Wands
 w - a wand of random effects (14)
Scrolls
 b - 5 scrolls of remove curse {unknown}
 d - 2 scrolls of teleportation {unknown}
 e - 4 scrolls of identify {unknown}
 k - 3 scrolls of blinking {unknown}
 o - a scroll of noise {unknown}
 p - a scroll of enchant weapon {unknown}
 r - a scroll of magic mapping {unknown}
 u - 2 scrolls of enchant armour {unknown}
 x - a scroll of immolation {unknown}
Potions
 g - a potion of might {unknown}
 h - 2 potions of curing {unknown}
 j - a potion of agility {unknown}
 l - 2 potions of lignification
 m - 2 potions of haste {unknown}
 t - 2 potions of brilliance {unknown}
Comestibles
 c - 5 rations


   Skills:
 - Level 1.7 Dodging
 - Level 1.7 Stealth
 + Level 3.0 Spellcasting
 + Level 2.5 Conjurations
 + Level 3.5 Fire Magic


You had one spell level left.
You knew the following spells:

 Your Spells              Type           Power        Failure   Level  Hunger
a - Flame Tongue          Conj/Fire      ##...        1%          1    None
b - Conjure Flame         Conj/Fire      ##......     6%          3    ###....
c - Sticky Flame          Conj/Fire      ##......     19%         4    ####...

Your spell library contained the following spells:

 Spells                   Type           Power        Failure   Level  Hunger
 Throw Flame              Conj/Fire      ##....       2%          2    ##.....
 Inner Flame              Hex/Fire       #.......     10%         3    ###....
 Fireball                 Conj/Fire      ##........   45%         5    ######.


Dungeon Overview and Level Annotations

Branches:
Dungeon (3/15)

Altars:


Innate Abilities, Weirdness & Mutations

You have sharp fingernails.


Message History

An orc priest comes into view.
Casting: Flame Tongue (safe; 1% risk of failure)
Confirm with . or Enter, or press ? or * to list all spells.
Aiming: Flame Tongue (safe; 1% risk of failure)
Press: ? - help, Shift-Dir - straight line, f - orc
Aim: an orc The flame tongue misses the orc.
The orc shouts!
An orc comes into view. It is wielding a +0 flail.
The orc priest looks satisfied for a moment.
The orc shouts!
The orc priest calls down the wrath of Beogh upon you.
Beogh smites you!
The orc priest invokes the aid of Beogh against you.
Beogh smites you!
* * * LOW HITPOINT WARNING * * *
The orc priest mumbles some strange prayers to Beogh against you.
Beogh smites you!
Ouch! That really hurt!
You die...

▒····························
▒······▒▒·▒··················
▒······▒▒·▒·▒▒····▒··········
▒▒▒·········▒·▒▒▒▒▒·▒▒·········
▒···········▒··················
▒··············▒······▒▒···▒···
▒·····················▒▒···▒···
▒·····················▒▒···▒÷▒)
▒▒·▒··········@·······▒▒···▒·▒·
▒·▒·········o▒▒······▒▒▒▒·····
▒·▒········o▒▒▒······▒ ▒·····
▒·▒····▒▒···▒▒▒▒▒▒▒▒·▒▒▒▒·····
▒▒▒·▒▒▒····▒··············▒·····
▒·····▒····o··············▒·····
▒·····▒···················▒·····
▒········o······················
▒▒▒·▒·▒·························


You could see an orc priest and 3 orcs.

Vanquished Creatures
  2 adders
  2 oozes
  3 dart slugs
  7 leopard geckos
  A ball python (D:1)
  5 bats
  2 giant cockroaches (D:2)
  7 goblins
  5 hobgoblins
  2 jackals (D:1)
  4 quokkas
  A frilled lizard (D:1)
  8 kobolds
  7 rats
56 creatures vanquished.

Notes
Turn   | Place    | Note
-------+----------+-------------------------------------------
     0 | D:1      | Azzok the Demonspawn Fire Elementalist began the quest for
                  | the Orb.
     0 | D:1      | Reached XP level 1. HP: 13/13 MP: 3/3
   427 | D:1      | Gained mutation: You have sharp fingernails. [demonic
                  | ancestry]
   427 | D:1      | Reached XP level 2. HP: 16/19 MP: 0/5
  1088 | D:1      | Reached XP level 3. HP: 24/24 MP: 2/6
  1093 | D:1      | Learned a level 3 spell: Conjure Flame
  2251 | D:2      | Reached XP level 4. HP: 30/30 MP: 4/8
  2703 | D:3      | Learned a level 4 spell: Sticky Flame
  3273 | D:3      | Killed from afar by an orc priest

Vault maps used:
D:1:      zaba_arrival_water

Skill      XL: |  1  2  3  4 |
---------------+-------------+-----
Fire Magic     | 3 |  3.5
Conjurations   | 2 |  2.5
Spellcasting   | 3 |  3.0
Dodging        | |  1.7
Stealth        | |  1.7

Action                   |  1- 3 |  4- 6 || total
-------------------------+-------+-------++-------
Melee: Unarmed           |     3 |       ||     3
       Dagger            |       |     1 ||     1
 Cast: Flame Tongue      |    87 |    20 ||   107
  Use: Potion            |       |     1 ||     1
  Eat: Chunk             |     5 |     2 ||     7
Armor: Robe              |     8 |       ||     8
Dodge: Dodged            |    31 |     7 ||    38

Table legend:
 A = Non-vault XP
 B = Vault XP
 C = Vault XP percentage of total XP
 D = Non-vault monster count
 E = Vault monster count
 F = Vault count percentage of total count
                 A         B        C        D         E       F
            +---------+---------+-------+---------+---------+-------
      Total |     138 |       0 |   0.0 |      56 |       0 |   0.0
            +---------+---------+-------+---------+---------+-------
        D:1 |      53 |       0 |   0.0 |      26 |       0 |   0.0
        D:2 |      59 |       0 |   0.0 |      22 |       0 |   0.0
        D:3 |      26 |       0 |   0.0 |       8 |       0 |   0.0
            +---------+---------+-------+---------+---------+-------
